 Dungeon Crawl Stone Soup version 0.28-a0-998-gb9e9c7b67e (webtiles) character file.

Game seed: 12056257595312108805

263 ytrimaz the Insei (level 6, -2/32 (39) HPs)
             Began as an Octopode Transmuter on Dec 5, 2021.
             Slain by a water moccasin skeleton (7 damage)
             ... on level 4 of the Dungeon.
             The game lasted 00:03:11 (4990 turns).

ytrimaz the Insei (Octopode Transmuter)             Turns: 4990, Time: 00:03:11

HP:   -2/32 (39)    AC:  1    Str: 10    XL:     6   Next: 19%
MP:   11/11         EV: 13    Int: 17    God:
Gold: 129           SH:  0    Dex: 12    Spells: 11/12 levels left

rFire   + . .      SeeInvis .     - Unarmed
rCold   . . .      Faith    .   (no shield)
rNeg    . . .      Spirit   .   (helmet restricted)
rPois   .          Reflect  .   (no amulet)
rElec   .          Harm     .   a - ring of protection from fire
rCorr   +          Rampage  .   b - ring of resist corrosion
Will    .....                   (no ring)
Stlth   ++........              (no ring)
HPRegen 0.10/turn               (no ring)
MPRegen 0.12/turn               (no ring)
                                (no ring)
                                (no ring)

@: heavily drained
A: almost no armour, amphibious, 8 rings, camouflage 1, gelatinous body 1,
(nimble swimmer 1), tentacles
a: no special abilities


You were on level 4 of the Dungeon.
You visited 1 branch of the dungeon, and saw 4 of its levels.

You collected 129 gold pieces.

Inventory:

Jewellery
 a - a ring of protection from fire (left tentacle)
 b - a ring of resist corrosion (right tentacle)
Wands
 j - a wand of paralysis (8)
Scrolls
 c - 3 scrolls of vulnerability
 d - a scroll of immolation {unknown}
Potions
 e - a potion of curing
 f - a potion of might
 g - a potion of haste {unknown}
 h - 2 potions of brilliance {unknown}
 i - a potion of ambrosia {unknown}


   Skills:
 * Level 2.0 Fighting
 - Level 2.2 Dodging
 + Level 4.2 Unarmed Combat
 * Level 3.8 Spellcasting
 * Level 3.4 Transmutations


You had 11 spell levels left.
You knew the following spells:

 Your Spells              Type           Power      Damage    Failure   Level
a - Beastly Appendage     Tmut           30%        N/A       3%          1

Your spell library contained the following spells:

 Spells                   Type           Power      Damage    Failure   Level
 Wereblood                Tmut           15%        N/A       6%          2
 Freeze                   Ice            12%        1d4       16%         1
 Spider Form              Tmut/Pois      9%         N/A       24%         3
 Ice Form                 Ice/Tmut       9%         N/A       61%         4


Dungeon Overview and Level Annotations

Branches:
Dungeon (4/15)
 Temple: D:4-7

Altars:
Hepliaklqana
Sif Muna
Xom

Annotations:
D:2 1 runed translucent door, Crazy Yiuf


Innate Abilities, Weirdness & Mutations

You cannot wear most types of armour.
You are amphibious.
You can wear up to eight rings at the same time.
Your skin changes colour to match your surroundings (Stealth+).
Your rubbery body absorbs attacks. (AC +1, EV +1)
((You are camouflaged near water. (Stealth+)))
You have tentacles for arms and can constrict up to eight enemies at once.


Message History

The water moccasin skeleton closely misses you.
You closely miss the water moccasin skeleton.
You grab the water moccasin skeleton.
You constrict the water moccasin skeleton.
The water moccasin skeleton bites you.
The endoplasm hits you but does no damage.
You tentacle-slap the water moccasin skeleton.
You squeeze the water moccasin skeleton!
The water moccasin skeleton is moderately damaged.
You constrict the water moccasin skeleton.
The water moccasin skeleton closely misses you.
The endoplasm freezes you.
You are frozen.
You release your grip on the water moccasin skeleton.
The water moccasin skeleton bites you.
You are too injured to fight recklessly!
You barely miss the endoplasm. You squeeze the endoplasm.
You kill the endoplasm!
You barely miss the water moccasin skeleton.
You grab the water moccasin skeleton.
You squeeze the water moccasin skeleton.
The water moccasin skeleton is heavily damaged.
You constrict the water moccasin skeleton.
The water moccasin skeleton bites you.
You tentacle-slap the water moccasin skeleton but do no damage.
The water moccasin skeleton is severely damaged.
You constrict the water moccasin skeleton.
The water moccasin skeleton barely misses you.
The water moccasin skeleton bites you.
* * * LOW HITPOINT WARNING * * *
You tentacle-slap the water moccasin skeleton.
The water moccasin skeleton is severely damaged.
You constrict the water moccasin skeleton.
The water moccasin skeleton bites you.
* * * LOW HITPOINT WARNING * * *
You tentacle-slap the water moccasin skeleton.
The water moccasin skeleton is almost destroyed.
You constrict the water moccasin skeleton.
The water moccasin skeleton bites you!
You die...

.#.# #.# .#.# .. .#.# #.
.#.# #.## .#.# ..# .#.#
#.## .#.# #..#
.#.########.############
...............Z@.......
##.#########.#####.#####
.#.# #.............#
.#.# .....###.####.#
##.# .... .# ...# ... ..
#### #. ### +


You could see a water moccasin skeleton.

Vanquished Creatures
  Sigmund (D:2)
  An orc wizard (D:3)
  2 adders
  4 dart slugs
  3 orcs (D:3)
  4 endoplasms
  7 goblins
  7 hobgoblins
  3 quokkas (D:1)
  4 ball pythons
  4 bats
  7 frilled lizards
  3 kobolds
  6 rats
56 creatures vanquished.

Vanquished Creatures (others)
  2 fungi (D:2)
2 creatures vanquished.

Grand Total: 58 creatures vanquished

Notes
Turn   | Place    | Note
-------+----------+-------------------------------------------
     0 | D:1      | ytrimaz the Octopode Transmuter began the quest for the
                  | Orb.
     0 | D:1      | Reached XP level 1. HP: 13/13 MP: 3/3
   670 | D:1      | Reached XP level 2. HP: 16/18 MP: 3/5
  1265 | D:1      | Reached XP level 3. HP: 11/23 MP: 4/6
  2605 | D:2      | Found a faded altar of an unknown god.
  2613 | D:2      | Got Plato's Almanac of Ice
  2766 | D:2      | Noticed Sigmund
  2780 | D:2      | Killed Sigmund
  2781 | D:2      | Reached skill level 4 in Unarmed Combat
  2781 | D:2      | Reached XP level 4. HP: 14/29 MP: 6/9
  2781 | D:2      | Reached XP level 5. HP: 16/34 MP: 6/10
  3404 | D:2      | Found a runed translucent door.
  3405 | D:2      | Noticed Crazy Yiuf
  3519 | D:3      | Reached XP level 6. HP: 16/39 MP: 11/11
  4049 | D:3      | Found a shimmering altar of Xom.
  4890 | D:4      | Found a hazy altar of Hepliaklqana.
  4932 | D:4      | Found a shimmering blue altar of Sif Muna.
  4990 | D:4      | Slain by a water moccasin skeleton

Illustrated notes

Levels and vault maps discovered:
D:1:      eino_arrival_cavern_a, layout_loops_corners
D:2:      layout_basic, shapermc_ecumenical_altar_rom_forum,
          grunt_decor_resistance, uniq_sigmund, uniq_crazy_yiuf_cottage
D:3:      layout_basic, nicolae_overflow_hidden_temple
D:4:      layout_basic, mainiacjoe_overflow_catwalk, general_overflow_altar,
          fedhas_altar_decomposition, mainiacjoe_overflow_brackets

Skill      XL: |  1  2  3  4  5  6 |
---------------+-------------------+-----
Unarmed Combat | 4 |  4.2
Spellcasting   | 3 |  3.8
Transmutations | 3 |  3.4
Fighting       | 2 |  2.0
Dodging        | |  2.2

Action                   |  1- 3 |  4- 6 || total
-------------------------+-------+-------++-------
Melee: Unarmed           |    94 |    40 ||   134
       Constrict         |    27 |     7 ||    34
       Kick              |    22 |     5 ||    27
       Punch             |     2 |       ||     2
       Tentacles         |    12 |     9 ||    21
 Cast: Beastly Appendage |    30 |     8 ||    38
  Use: Scroll            |     3 |     1 ||     4
       Potion            |       |     3 ||     3
 Stab: Sleeping          |     7 |     3 ||    10
Armor: Skin              |     6 |     2 ||     8
Dodge: Dodged            |    64 |    23 ||    87

Table legend: (Time is in decaauts)
 A = Elapsed time spent in this place.
 B = Non-inter-level travel time spent in this place.
 C = Inter-level travel time spent in this place.
 D = Time resting spent in this place.
 E = Time spent auto-exploring this place.
 F = Levels seen in this place.
 G = Mean time per level.
                   A        B        C        D        E       F      G
               +--------+--------+--------+--------+--------+-----+--------+
         Total |   4980 |   4836 |    144 |    570 |   3752 |   4 | 1245.0 |
       Dungeon |   4980 |   4836 |    144 |    570 |   3752 |   4 | 1245.0 |
               +--------+--------+--------+--------+--------+-----+--------+

Top non-repeatable levels by time:
     D:1: 1984 daAuts
     D:2: 1884 daAuts
     D:3: 1005 daAuts
     D:4: 106 daAuts
